3145 views
Uploaded 2020-03-15 14:33:53
Game version 1.32.2
30:20 long 1on1on1on1 ladder game on (4)Deathrose
Saved by TALONSARIMBA
3145 views
Uploaded 2020-03-15 14:33:53
Game version 1.32.2
30:20 long 1on1on1on1 ladder game on (4)Deathrose

/ 0.8k
22 buildings @ 2.6k
/ 1.1k


| Peasant | 9 | 675 | / | 0 |
| Rifleman | 8 | 1640 | / | 240 |
| Priest | 5 | 675 | / | 50 |
| Sorceress | 2 | 310 | / | 40 |
| Gryphon Rider | 6 | 1680 | / | 420 |
| total: | 30 | 4980g | / | 750w |
| Altar of Kings | 1 | 180 | / | 50 |
| Farm | 13 | 1040 | / | 260 |
| Barracks | 1 | 160 | / | 60 |
| Blacksmith | 1 | 140 | / | 60 |
| Lumber Mill | 1 | 120 | / | 0 |
| Arcane Vault | 1 | 130 | / | 30 |
| Town Hall | 1 | 385 | / | 205 |
| Arcane Sanctum | 1 | 150 | / | 140 |
| Gryphon Aviary | 2 | 280 | / | 300 |
| Keep | 1 | 320 | / | 210 |
| Castle | 1 | 360 | / | 210 |
| total: | 22 | 2585g | / | 1105w |
| 0:04 | Peasant |
| 0:04 | Peasant |
| 0:08 | Altar of Kings |
| 0:17 | Peasant |
| 0:22 | Farm |
| 0:25 | Barracks |
| 0:42 | Peasant |
| 0:56 | Farm |
| 1:10 | Peasant |
| 1:11 | Peasant |
| 1:24 | Farm |
| 1:34 | Peasant |
| 1:34 | Peasant |
| 1:54 | Blacksmith |
| 2:09 | Lumber Mill |
| 2:26 | Holy Light |
| 2:47 | Farm |
| 2:51 | Peasant |
| 3:05 | Rifleman |
| 3:08 | Keep |
| 3:20 | Black Gunpowder |
| 3:30 | Farm |
| 3:34 | Rifleman |
| 3:47 | Improved Masonry |
| 4:08 | Rifleman |
| 4:19 | Farm |
| 4:25 | Studded Leather Armor |
| 5:43 | Long Rifles |
| 5:45 | Refined Gunpowder |
| 5:56 | Arcane Sanctum |
| 6:10 | Arcane Vault |
| 6:13 | Improved Lumber Harvesting |
| 6:31 | Rifleman |
| 6:35 | Storm Bolt |
| 6:52 | Rifleman |
| 7:15 | Farm |
| 7:17 | Priest |
| 7:25 | Farm |
| 7:36 | Reinforced Leather Armor |
| 7:54 | Priest |
| 8:05 | Advanced Masonry |
| 8:19 | Sorceress |
| 8:53 | Sorceress |
| 9:47 | Thunder Clap |
| 9:54 | Castle |
| 9:55 | Rifleman |
| 10:00 | Sorceress Adept Training |
| 10:36 | Rifleman |
| 11:11 | Priest |
| 11:29 | Farm |
| 11:33 | Priest Adept Training |
| 11:45 | Devotion Aura |
| 12:14 | Gryphon Aviary |
| 12:17 | Imbued Gunpowder |
| 12:20 | Advanced Lumber Harvesting |
| 12:43 | Priest Master Training |
| 13:37 | Gryphon Aviary |
| 13:39 | Storm Hammers |
| 13:52 | Devotion Aura |
| 14:03 | Sorceress Master Training |
| 14:11 | Rifleman |
| 14:15 | Bash |
| 15:02 | Farm |
| 15:05 | Gryphon Rider |
| 15:36 | Gryphon Rider |
| 15:48 | Gryphon Rider |
| 15:49 | Gryphon Rider |
| 15:55 | Farm |
| 16:26 | Dragonhide Armor |
| 16:42 | Gryphon Rider |
| 17:17 | Gryphon Rider |
| 18:15 | Town Hall |
| 18:42 | Farm |
| 19:31 | Farm |
| 19:33 | Priest |
| 19:33 | Priest |
| Right click | 329 |
| Select group | 215 |
| Select | 192 |
| Build/train/purchase | 58 |
| Assign group | 10 |
| Use ability | 8 |
| Remove unit | 1 |
/ 0.4k
14 buildings @ 2.5k
/ 0.8k

| Peon | 4 | 300 | / | 0 |
| Grunt | 10 | 2000 | / | 0 |
| Troll Headhunter | 6 | 840 | / | 120 |
| Tauren | 3 | 840 | / | 240 |
| total: | 23 | 3980g | / | 360w |
| Altar of Storms | 1 | 180 | / | 50 |
| Orc Burrow | 9 | 1440 | / | 360 |
| Barracks | 1 | 180 | / | 50 |
| War Mill | 1 | 205 | / | 0 |
| Great Hall | 1 | 385 | / | 185 |
| Tauren Totem | 1 | 135 | / | 155 |
| Stronghold | 1 | 315 | / | 190 |
| Fortress | 1 | 325 | / | 190 |
| total: | 14 | 2525g | / | 800w |
| 0:04 | Peon |
| 0:04 | Peon |
| 0:26 | Altar of Storms |
| 0:50 | Orc Burrow |
| 0:52 | Orc Burrow |
| 0:53 | Orc Burrow |
| 2:01 | Barracks |
| 2:40 | Mirror Image |
| 3:04 | Peon |
| 3:04 | Peon |
| 3:14 | Grunt |
| 3:14 | Grunt |
| 3:14 | Grunt |
| 3:35 | War Mill |
| 5:28 | Orc Burrow |
| 5:31 | Orc Burrow |
| 5:49 | Stronghold |
| 6:23 | Troll Headhunter |
| 6:23 | Grunt |
| 6:23 | Grunt |
| 6:24 | Grunt |
| 6:24 | Grunt |
| 6:24 | Troll Headhunter |
| 6:27 | Troll Headhunter |
| 6:27 | Troll Headhunter |
| 7:24 | Critical Strike |
| 7:40 | Orc Burrow |
| 7:42 | Orc Burrow |
| 7:44 | Orc Burrow |
| 7:45 | Orc Burrow |
| 8:19 | Tauren Totem |
| 9:28 | Wind Walk |
| 9:44 | Fortress |
| 9:49 | Troll Headhunter |
| 9:49 | Troll Headhunter |
| 9:50 | Grunt |
| 9:50 | Grunt |
| 9:51 | Grunt |
| 10:47 | Steel Ranged Weapons |
| 12:17 | Great Hall |
| 13:27 | Tauren |
| 13:28 | Tauren |
| 13:28 | Tauren |
| Right click | 172 |
| Select | 84 |
| Build/train/purchase | 37 |
| Assign group | 2 |
| Remove unit | 2 |
| Esc | 2 |
61 units @ 8.1k
/ 1.1k
16 buildings @ 3.1k
/ 1.1k



| Healing Salve | 2 | 200 |
| Lesser Clarity Potion | 1 | 70 |
| Orb of Lightning | 1 | 375 |
| Tiny Great Hall | 1 | 600 |
| Scroll of Town Portal | 2 | 700 |
| Sobi Mask | 1 | 400 |
| Pendant of Energy | 1 | 300 |
| total: | 9 | 2645g |
| Peon | 24 | 1800 | / | 0 |
| Troll Headhunter | 10 | 1400 | / | 200 |
| Spirit Walker | 2 | 390 | / | 70 |
| Troll Berserker | 13 | 1820 | / | 260 |
| Troll Witch Doctor | 4 | 580 | / | 100 |
| Tauren | 6 | 1680 | / | 480 |
| Grunt | 2 | 400 | / | 0 |
| total: | 61 | 8070g | / | 1110w |
| Altar of Storms | 1 | 180 | / | 50 |
| Orc Burrow | 6 | 960 | / | 240 |
| Barracks | 2 | 360 | / | 100 |
| War Mill | 2 | 410 | / | 0 |
| Voodoo Lounge | 1 | 130 | / | 30 |
| Great Hall | 2 | 770 | / | 370 |
| Spirit Lodge | 1 | 150 | / | 150 |
| Tauren Totem | 1 | 135 | / | 155 |
| Stronghold | 1 | 315 | / | 190 |
| Fortress | 1 | 325 | / | 190 |
| total: | 16 | 3095g | / | 1095w |
| 0:06 | Altar of Storms |
| 0:10 | Orc Burrow |
| 0:10 | Peon |
| 0:28 | Barracks |
| 0:34 | Barracks |
| 0:38 | Peon |
| 1:06 | War Mill |
| 1:13 | Peon |
| 1:14 | Peon |
| 1:23 | Peon |
| 1:41 | Peon |
| 1:56 | Peon |
| 2:08 | Orc Burrow |
| 2:17 | Troll Headhunter |
| 2:17 | Peon |
| 2:27 | War Stomp |
| 2:38 | Voodoo Lounge |
| 2:39 | Troll Headhunter |
| 2:57 | Troll Headhunter |
| 3:25 | Troll Headhunter |
| 3:40 | Stronghold |
| 3:47 | Troll Headhunter |
| 4:10 | Troll Headhunter |
| 4:13 | Endurance Aura |
| 4:27 | Troll Headhunter |
| 4:40 | Orc Burrow |
| 4:59 | Healing Salve |
| 5:01 | Healing Salve |
| 5:48 | Great Hall |
| 5:51 | War Stomp |
| 6:09 | Troll Regeneration |
| 6:34 | Spirit Lodge |
| 6:44 | Troll Headhunter |
| 6:49 | Peon |
| 7:19 | Hex |
| 7:25 | Endurance Aura |
| 7:32 | Troll Headhunter |
| 7:42 | Fortress |
| 7:57 | Healing Wave |
| 8:16 | Sobi Mask |
| 8:20 | Pendant of Energy |
| 9:22 | Lesser Clarity Potion |
| 9:25 | Scroll of Town Portal |
| 9:31 | Troll Headhunter |
| 9:37 | Peon |
| 9:37 | Peon |
| 9:38 | Peon |
| 9:38 | Peon |
| 9:54 | Tauren Totem |
| 10:05 | Berserker Upgrade |
| 10:20 | Witch Doctor Adept Training |
| 10:30 | Steel Ranged Weapons |
| 10:50 | War Stomp |
| 11:11 | Peon |
| 11:18 | Spirit Walker Adept Training |
| 11:21 | Orc Burrow |
| 11:24 | War Mill |
| 11:49 | Witch Doctor Master Training |
| 12:22 | Howl of Terror |
| 12:29 | Spirit Walker |
| 13:05 | Troll Berserker |
| 13:13 | Howl of Terror |
| 13:14 | Cleaving Attack |
| 13:36 | Hex |
| 13:52 | Spirit Walker |
| 14:26 | Troll Berserker |
| 14:30 | Troll Witch Doctor |
| 14:30 | Troll Witch Doctor |
| 14:38 | Orc Burrow |
| 15:17 | Troll Berserker |
| 15:17 | Troll Berserker |
| 15:39 | Tauren |
| 15:52 | Healing Wave |
| 15:53 | Howl of Terror |
| 15:55 | Cleaving Attack |
| 16:08 | Thorium Ranged Weapons |
| 16:30 | Troll Berserker |
| 16:32 | Tauren |
| 16:33 | Troll Witch Doctor |
| 17:24 | Tauren |
| 17:55 | Peon |
| 17:55 | Peon |
| 17:56 | Peon |
| 17:56 | Peon |
| 17:56 | Peon |
| 18:08 | Troll Berserker |
| 18:10 | Pulverize |
| 18:28 | Scroll of Town Portal |
| 18:29 | Orb of Lightning |
| 18:30 | Tiny Great Hall |
| 18:50 | Troll Berserker |
| 18:54 | Shaman Adept Training |
| 19:25 | Steel Armor |
| 19:27 | Reinforced Defenses |
| 19:34 | Troll Berserker |
| 20:41 | Peon |
| 20:41 | Peon |
| 20:41 | Peon |
| 20:41 | Peon |
| 20:42 | Peon |
| 20:52 | Reincarnation |
| 20:52 | Troll Berserker |
| 20:57 | Tauren |
| 21:08 | Thorium Armor |
| 21:26 | Hex |
| 21:54 | Orc Burrow |
| 22:02 | Shaman Master Training |
| 23:36 | Doom |
| 25:27 | Big Bad Voodoo |
| 25:37 | Grunt |
| 25:38 | Grunt |
| 25:39 | Troll Witch Doctor |
| 26:07 | Troll Berserker |
| 26:07 | Troll Berserker |
| 26:48 | Troll Berserker |
| 26:51 | Endurance Aura |
| 27:50 | Tauren |
| 27:50 | Tauren |
| 28:06 | Troll Berserker |
| 28:09 | Great Hall |
| Right click | 1919 |
| Select | 1095 |
| Select group | 790 |
| Build/train/purchase | 230 |
| Misc. action | 220 |
| Use ability | 110 |
| Assign group | 40 |
| Item give/drop | 3 |
| Esc | 2 |
51 units @ 6.9k
/ 1.4k
18 buildings @ 3.3k
/ 1.4k



| Staff of Preservation | 1 | 150 |
| Potion of Healing | 2 | 300 |
| Orb of Venom | 1 | 325 |
| Scroll of Town Portal | 2 | 700 |
| Scroll of Healing | 1 | 250 |
| Scroll of Protection | 1 | 150 |
| Potion of Lesser Invulnerability | 1 | 150 |
| Staff of Teleportation | 1 | 150 |
| total: | 10 | 2175g |
| Wisp | 24 | 1440 | / | 0 |
| Archer | 6 | 780 | / | 60 |
| Druid of the Claw | 5 | 1275 | / | 400 |
| Dryad | 6 | 870 | / | 360 |
| Mountain Giant | 5 | 1750 | / | 500 |
| Druid of the Talon | 3 | 435 | / | 60 |
| Hippogryph | 2 | 320 | / | 40 |
| total: | 51 | 6870g | / | 1420w |
| Altar of Elders | 1 | 180 | / | 50 |
| Moon Well | 8 | 1440 | / | 320 |
| Ancient of War | 1 | 150 | / | 60 |
| Tree of Life | 2 | 680 | / | 370 |
| Hunter's Hall | 1 | 210 | / | 100 |
| Ancient of Wonders | 2 | 180 | / | 60 |
| Ancient of Lore | 2 | 310 | / | 290 |
| Ancient of Wind | 1 | 150 | / | 140 |
| Tree of Ages | 2 | 640 | / | 360 |
| Tree of Eternity | 2 | 660 | / | 400 |
| total: | 18 | 3300g | / | 1390w |
| 0:01 | Wisp |
| 0:02 | Altar of Elders |
| 0:13 | Wisp |
| 0:15 | Moon Well |
| 0:27 | Ancient of War |
| 0:29 | Wisp |
| 0:37 | Wisp |
| 0:55 | Wisp |
| 0:55 | Wisp |
| 0:57 | Wisp |
| 1:26 | Wisp |
| 1:29 | Moon Well |
| 1:31 | Archer |
| 1:35 | Wisp |
| 1:42 | Wisp |
| 2:07 | Force of Nature |
| 2:26 | Tree of Ages |
| 3:15 | Tree of Life |
| 3:19 | Archer |
| 3:20 | Thorns Aura |
| 3:41 | Hunter's Hall |
| 3:43 | Archer |
| 3:47 | Moon Well |
| 4:08 | Archer |
| 4:52 | Ancient of Lore |
| 4:54 | Wisp |
| 4:54 | Wisp |
| 5:09 | Ancient of Lore |
| 5:13 | Wisp |
| 5:14 | Wisp |
| 5:23 | Wisp |
| 5:23 | Wisp |
| 5:52 | Force of Nature |
| 6:05 | Cluster Rockets |
| 6:10 | Wisp |
| 6:11 | Wisp |
| 6:12 | Wisp |
| 6:19 | Druid of the Claw |
| 6:27 | Ancient of Wonders |
| 6:45 | Tree of Eternity |
| 6:54 | Druid of the Claw Adept Training |
| 7:01 | Wisp |
| 7:08 | Dryad |
| 7:28 | Abolish Magic |
| 7:32 | Moon Well |
| 7:42 | Strength of the Wild |
| 7:48 | Moon Well |
| 7:48 | Wisp |
| 7:48 | Wisp |
| 8:04 | Engineering Upgrade |
| 8:27 | Mountain Giant |
| 8:30 | Reinforced Hides |
| 8:44 | Wisp |
| 8:45 | Ancient of Wind |
| 9:32 | Breath of Fire |
| 9:35 | Entangling Roots |
| 9:46 | Druid of the Claw Master Training |
| 9:56 | Mountain Giant |
| 9:57 | Moon Well |
| 10:00 | Druid of the Talon |
| 10:30 | Dryad |
| 10:33 | Moon Well |
| 10:38 | Moon Well |
| 10:56 | Mountain Giant |
| 11:24 | Staff of Preservation |
| 11:25 | Potion of Healing |
| 11:27 | Orb of Venom |
| 11:27 | Potion of Healing |
| 11:28 | Scroll of Town Portal |
| 11:49 | Cluster Rockets |
| 11:55 | Ancient of Wonders |
| 12:10 | Improved Strength of the Wild |
| 12:11 | Hardened Skin |
| 12:28 | Hippogryph |
| 12:31 | Druid of the Claw |
| 12:50 | Nature's Blessing |
| 13:12 | Druid of the Talon |
| 13:15 | Dryad |
| 13:44 | Drunken Haze |
| 14:00 | Hippogryph |
| 14:03 | Advanced Strength of the Wild |
| 14:59 | Resistant Skin |
| 15:23 | Engineering Upgrade |
| 15:24 | Breath of Fire |
| 15:46 | Force of Nature |
| 15:53 | Mark of the Claw |
| 15:54 | Improved Reinforced Hides |
| 15:56 | Marksmanship |
| 16:15 | Tree of Life |
| 17:53 | Mountain Giant |
| 18:19 | Well Spring |
| 18:22 | Druid of the Talon |
| 18:40 | Advanced Reinforced Hides |
| 18:53 | Mountain Giant |
| 19:01 | Druid of the Talon Adept Training |
| 19:22 | Druid of the Claw |
| 19:28 | Archer |
| 19:43 | Wisp |
| 20:20 | Archer |
| 21:02 | Ultravision |
| 21:18 | Drunken Haze |
| 21:24 | Scroll of Healing |
| 21:24 | Scroll of Protection |
| 21:32 | Potion of Lesser Invulnerability |
| 21:33 | Scroll of Town Portal |
| 25:10 | Druid of the Claw |
| 25:10 | Druid of the Claw |
| 25:28 | Dryad |
| 25:28 | Dryad |
| 25:28 | Dryad |
| 26:13 | Tranquility |
| 28:43 | Staff of Teleportation |
| Right click | 972 |
| Select group | 953 |
| Select | 911 |
| Build/train/purchase | 212 |
| Use ability | 141 |
| Assign group | 86 |
| Misc. action | 82 |
| Item give/drop | 5 |
| Remove unit | 2 |
โ